 Dungeon Crawl Stone Soup version 0.26.1-2-gb8aa6d0cf2 (webtiles) character file.

Game seed: 11285374535718594148

1400424 olmar the Dwarven Barricade (level 27, -32/298 HPs)
             Began as a Deep Dwarf Fighter on Mar 22, 2021.
             Was the Champion of Makhleb.
             Annihilated by an Orb Guardian (35 damage)
             ... on level 5 of the Realm of Zot on Mar 23, 2021.
             The game lasted 03:39:58 (79475 turns).

olmar the Dwarven Barricade (Deep Dwarf Fighter)   Turns: 79475, Time: 03:39:58

Health: -32/298    AC: 18    Str: 32    XL:     27
Magic:  0/19       EV: 39    Int:  8    God:    Makhleb [******]
Gold:   15109      SH:  0    Dex: 14    Spells: 28/28 levels left

rFire    + + .     SeeInvis .     - Unarmed
rCold    + + .     Faith    .   (shield currently unavailable)
rNeg     + + +     Spirit   .   (armour currently unavailable)
rPois    ∞         Reflect  .   (helmet currently unavailable)
rElec    +         Harm     .   (cloak currently unavailable)
rCorr    +         Rampage  .   (gloves currently unavailable)
Will     +++++     Clarity  +   (boots currently unavailable) Stlth +++++++++.Rnd*Tele +
                                (amulet currently unavailable)
HPRegen  0.00/turn              (ring currently unavailable)
MPRegen  0.16/turn              (ring currently unavailable)

@: about to teleport, wisp-form, marked, flying, non-regenerating, quick
A: tiny, damage resistance, heal wounds, agile 1, blink, blurry vision 1,
clarity, deterioration 1, dopey 1, low mp 1, strong-willed 1, negative energy
resistance 1, sense surroundings 3, teleportitis 1, no potion heal 1, no
regeneration
}: 15/15 runes: serpentine, barnacled, slimy, silver, golden, iron, obsidian,
icy, bone, abyssal, demonic, glowing, magical, fiery, dark
a: Heal Wounds, Stop Flying, Blink, Renounce Religion, Minor Destruction, Lesser
Servant of Makhleb, Major Destruction, Greater Servant of Makhleb


You were on level 5 of the Realm of Zot.
You worshipped Makhleb.
Makhleb was exalted by your worship.
You were an insubstantial wisp.
You visited 18 branches of the dungeon, and saw 90 of its levels.
You visited Pandemonium 1 time, and saw 24 of its levels.
You visited the Abyss 3 times.
You also visited: Trove, Ice Cave and Desolation.

You collected 17994 gold pieces.
You spent 2885 gold pieces at shops.

Inventory:

Hand Weapons
 p - the +5 broad axe of Karma (melded) {holy, *Corrode rC+ Str+6 Dex+4}
   (You bought it in a shop on level 4 of the Depths)

   It has been blessed by the Shining One to cause great damage to the undead
   and demons.
   It affects your strength (+6).
   It affects your dexterity (+4).
   It protects you from cold.
   It may corrode you when you take damage.
 O - the +6 sword of Cerebov {flame}
   (You took it off Cerebov in Pandemonium)

   It has been specially enchanted to burn those struck by it, causing extra
   injury to most foes and up to half again as much damage against particularly
   susceptible opponents.
   Big, fiery blades are also staple armaments of hydra-hunters.
Armour
 d - the +2 crystal plate armour of Cheibriados's Scorn (melded) {rPois rF+ Regen+ Int-4}
   (You found it in a treasure trove)

   It affects your intelligence (-4).
   It protects you from fire.
   It protects you from poison.
   It increases your rate of regeneration.
 e - a +1 tower shield of protection (melded)
 h - the +0 helmet of Xatzoekhy {*Drain rPois rC+ Dex+6}
   (You found it in Pandemonium)

   It affects your dexterity (+6).
   It protects you from cold.
   It protects you from poison.
   It causes draining when unequipped.
 w - the +0 pair of boots of Perpetual Drought {rC++ Str+4 Int-2 Stlth+}
   (You found it in a treasure trove)

   It affects your strength (+4).
   It affects your intelligence (-2).
   It greatly protects you from cold.
   It makes you more stealthy.
 A - the +3 pair of gauntlets of War (melded) {Slay+5}
   (You acquired it on level 2 of the Vaults)

   It affects your accuracy and damage with ranged weapons and melee attacks
   (+5).
 L - the +2 hat "Qimocw" (melded) {rElec rN+ Dex+5 Slay+3}
   (You found it on level 3 of the Elven Halls)

   It affects your dexterity (+5).
   It affects your accuracy and damage with ranged weapons and melee attacks
   (+3).
   It insulates you from electricity.
   It protects you from negative energy.
 Z - the +2 cloak of the Thief (melded) {*Fog Slay-2 SInv Stlth+}
   (You found it on level 3 of the Elven Halls)

   It affects your accuracy and damage with ranged weapons and melee attacks
   (-2).
   It lets you see invisible.
   It makes you more stealthy.
Jewellery
 t - the ring "Daomeple" (melded) {*Contam Will+++ Str+6 Dex+6}
   (You found it on level 5 of the Vaults)

   [ring of dexterity]

   It affects your strength (+6).
   It affects your dexterity (+6).
   It affects your willpower, your defense against some magical effects.
   It causes magical contamination when unequipped.
 E - the amulet of the Original Sin {Acrobat +Fly rPois Will+}
   (You found it in Pandemonium)

   [amulet of the acrobat]

   It helps you evade while moving and waiting.
   It protects you from poison.
   It affects your willpower, your defense against some magical effects.
   It lets you fly.
 H - the ring of Zamiev (melded) {rElec rN+ Str+2 Dex+6}
   (You found it in an ice cave)

   [ring of dexterity]

   It affects your strength (+2).
   It affects your dexterity (+6).
   It insulates you from electricity.
   It protects you from negative energy.
 I - the amulet of Lachedeh (melded) {Spirit rPois rF++ Slay+2}
   (You found it in an ice cave)

   [amulet of guardian spirit]

   It causes incoming damage to be split between your health and magic.
   It affects your accuracy and damage with ranged weapons and melee attacks
   (+2).
   It greatly protects you from fire.
   It protects you from poison.
 M - the ring of Fouqulu {rF+ Str+6 Dex+7}
   (You took it off a balrug on level 7 of Gehenna)

   [ring of strength]

   It affects your strength (+6).
   It affects your dexterity (+7).
   It protects you from fire.
 N - the ring of Gocegh {*Drain Dex+6 Slay+6}
   (You took it off Cerebov in Pandemonium)

   [ring of dexterity]

   It affects your dexterity (+6).
   It affects your accuracy and damage with ranged weapons and melee attacks
   (+6).
   It causes draining when unequipped.
 T - the ring of Mooxan {*Contam rC+ rCorr Str+2 Int+9}
   (You found it on level 5 of the Vaults)

   [ring of resist corrosion]

   It affects your strength (+2).
   It affects your intelligence (+9).
   It protects you from cold.
   It causes magical contamination when unequipped.
   It provides partial protection from all sources of acid and corrosion.
 Y - an uncursed ring of protection from cold {unknown}
Wands
 k - a wand of acid (25)
 m - a wand of digging (17)
 x - a wand of flame (72)
 D - a wand of iceblast (25)
Scrolls
 b - 15 scrolls of teleportation
 c - 6 scrolls of enchant armour
 g - 31 scrolls of remove curse
 i - 15 scrolls of enchant weapon
 n - 15 scrolls of identify
 r - 9 scrolls of fear
 y - 4 scrolls of summoning
 C - 11 scrolls of fog
 F - 4 scrolls of brand weapon
 U - 8 scrolls of blinking
 V - 10 scrolls of magic mapping
Potions
 j - 12 potions of curing
 l - 16 potions of lignification
 o - 2 potions of heal wounds
 s - a potion of haste
 z - 6 potions of cancellation
 B - 4 potions of ambrosia
 G - 5 potions of resistance
 P - 4 potions of might
 S - 5 potions of berserk rage
 W - 4 potions of invisibility
 X - 4 potions of flight
Miscellaneous
 a - a phantom mirror
 f - the horn of Geryon
 q - a box of beasts
 u - a lightning rod (4/4)
 v - a phial of floods
 K - a tin of tremorstones (2/2)
 Q - a condenser vane


   Skills:
 O Level 27 Fighting
 + Level 0.8(1.1) Short Blades
 + Level 1.0(1.2) Long Blades
 O Level 27 Axes
 + Level 0.9(17.4) Maces & Flails
 + Level 1.0(16.2) Polearms
 + Level 0.7(1.2) Staves
 + Level 1.2(1.4) Slings
 + Level 0.6 Bows
 + Level 1.0 Crossbows
 + Level 0.8(1.1) Throwing
 O Level 27 Armour
 + Level 25.2 Dodging
 + Level 25.6 Stealth
 O Level 27 Shields
 + Level 11.3 Unarmed Combat
 + Level 1.0 Spellcasting
 + Level 1.0 Conjurations
 + Level 1.0 Hexes
 + Level 0.7 Summonings
 + Level 1.0 Necromancy
 + Level 1.0 Translocations
 + Level 1.1 Transmutations
 + Level 1.0 Fire Magic
 + Level 1.1 Ice Magic
 + Level 1.0 Air Magic
 + Level 1.8 Earth Magic
 + Level 1.0 Poison Magic
 O Level 27 Invocations
 O Level 27 Evocations


You had 28 spell levels left.
You didn't know any spells.
Your spell library contained the following spells:

 Spells                   Type           Power        Failure   Level
 Sandblast                Erth           6%           19%         1
 Animate Skeleton         Necr           4%           26%         1
 Apportation              Tloc           4%           26%         1
 Corona                   Hex            2%           26%         1
 Freeze                   Ice            8%           26%         1
 Magic Dart               Conj           8%           26%         1
 Pain                     Necr           8%           26%         1
 Shock                    Conj/Air       8%           26%         1
 Sting                    Tmut/Pois      8%           26%         1
 Summon Small Mammal      Summ           4%           30%         1
 Blink                    Tloc           N/A          36%         2
 Corpse Rot               Necr/Air       N/A          36%         2
 Ensorcelled Hibernation  Hex/Ice        4%           36%         2
 Poisonous Vapours        Pois/Air       4%           36%         2
 Searing Ray              Conj           4%           36%         2
 Slow                     Hex            2%           36%         2
 Sublimation of Blood     Necr           1%           36%         2
 Swiftness                Air            2%           36%         2
 Wereblood                Tmut           2%           36%         2
 Call Imp                 Summ           1%           41%         2
 Stone Arrow              Conj/Erth      4%           54%         3
 Frozen Ramparts          Ice            4%           58%         3
 Ozocubu's Armour         Ice            2%           58%         3
 Spider Form              Tmut/Pois      1%           58%         3
 Confusing Touch          Hex            2%           61%         3
 Conjure Flame            Conj/Fire      2%           61%         3
 Dazzling Flash           Conj/Hex       4%           61%         3
 Gell's Gravitas          Tloc           1%           61%         3
 Ignite Poison            Fire/Tmut/Pois 2%           61%         3
 Inner Flame              Hex/Fire       2%           61%         3
 Lesser Beckoning         Tloc           1%           61%         3
 Mephitic Cloud           Conj/Pois/Air  2%           61%         3
 Portal Projectile        Hex/Tloc       4%           61%         3
 Static Discharge         Conj/Air       2%           61%         3
 Teleport Other           Tloc           2%           61%         3
 Tukima's Dance           Hex            2%           61%         3
 Summon Guardian Golem    Hex/Summ       1%           63%         3
 Call Canine Familiar     Summ           1%           65%         3
 Petrify                  Tmut/Erth      2%           91%         4
 Hailstorm                Conj/Ice       2%           94%         4
 Ice Form                 Ice/Tmut       2%           94%         4
 Airstrike                Air            1%           95%         4
 Animate Dead             Necr           1%           95%         4
 Cause Fear               Hex            1%           95%         4
 Dispel Undead            Necr           2%           95%         4
 Fulminant Prism          Conj/Hex       1%           95%         4
 Iskenderun's Mystic Bla  Conj/Tloc      2%           95%         4
 Olgreb's Toxic Radiance  Pois           2%           95%         4
 Passage of Golubria      Tloc           N/A          95%         4
 Sticky Flame             Conj/Fire      2%           95%         4
 Summon Ice Beast         Ice/Summ       1%           95%         4
 Summon Lightning Spire   Summ/Air       1%           95%         4
 Borgnjor's Vile Clutch   Necr/Erth      1%           99%         5
 Alistair's Intoxication  Tmut/Pois      1%           100%        5
 Blade Hands              Tmut           1%           100%        5
 Bolt of Magma            Conj/Fire/Erth 1%           100%        5
 Excruciating Wounds      Necr           1%           100%        5
 Fireball                 Conj/Fire      1%           100%        5
 Irradiate                Conj/Tmut      1%           100%        5
 Iskenderun's Battlesphe  Conj           2%           100%        5
 Lightning Bolt           Conj/Air       1%           100%        5
 Metabolic Englaciation   Hex/Ice        1%           100%        5
 Silence                  Hex/Air        1%           100%        5
 Summon Forest            Summ/Tloc      0%           100%        5
 Summon Mana Viper        Hex/Summ       1%           100%        5
 Yara's Violent Unravell  Hex/Tmut       1%           100%        5
 Conjure Ball Lightning   Conj/Air       1%           100%        6
 Death Channel            Necr           1%           100%        6
 Eringya's Noxious Bog    Tmut/Pois      1%           100%        6
 Freezing Cloud           Conj/Ice/Air   1%           100%        6
 Hydra Form               Tmut           1%           100%        6
 Invisibility             Hex            2%           100%        6
 Iron Shot                Conj/Erth      1%           100%        6
 Ozocubu's Refrigeration  Ice            1%           100%        6
 Shadow Creatures         Summ           N/A          100%        6
 Simulacrum               Ice/Necr       1%           100%        6
 Starburst                Conj/Fire      1%           100%        6
 Statue Form              Tmut/Erth      1%           100%        6
 Dragon Form              Tmut           1%           100%        7
 Malign Gateway           Summ/Tloc      0%           100%        7
 Monstrous Menagerie      Summ           0%           100%        7
 Orb of Destruction       Conj           1%           100%        7
 Spellforged Servitor     Conj/Summ      0%           100%        7
 Summon Greater Demon     Summ           0%           100%        7
 Summon Hydra             Summ           0%           100%        7
 Chain Lightning          Conj/Air       1%           100%        8
 Discord                  Hex            1%           100%        8
 Disjunction              Tloc           1%           100%        8
 Ignition                 Fire           1%           100%        8
 Lehudib's Crystal Spear  Conj/Erth      1%           100%        8
 Summon Horrible Things   Summ           0%           100%        8
 Absolute Zero            Ice            1%           100%        9
 Fire Storm               Conj/Fire      1%           100%        9
 Shatter                  Erth           1%           100%        9
 Tornado                  Air            1%           100%        9


Dungeon Overview and Level Annotations

Branches:
Dungeon (15/15)            Temple (1/1) D:7            Lair (6/6) D:9
 Shoals (4/4) Lair:3        Snake (4/4) Lair:4        Slime (5/5) Lair:6
    Orc (2/2) D:11            Elf (3/3) Orc:2        Vaults (5/5) D:13
  Crypt (3/3) Vaults:2       Tomb (3/3) Crypt:3      Depths (5/5) D:15
   Hell (visited)             Dis (7/7) Hell            Geh (7/7) Hell
    Coc (7/7) Hell            Tar (7/7) Hell            Zot (5/5) Depths:5
  IceCv (visited)         Desolation (visited)

Altars:
Ashenzari
Cheibriados
Dithmenos
Elyvilon
Fedhas
Gozag
Hepliaklqana
Kikubaaqudgha
Makhleb
Nemelex Xobeh
Okawaru
Qazlal
Ru
Sif Muna
Trog
Uskayaw
Vehumet
Wu Jian
Xom
Yredelemnul
Zin
The Shining One
Beogh
Lugonu

Shops:
D:9 *   D:11 :   D:15 [   Orc:2 *(*:?   Elf:1 [   Depths:2 ==*   Depths:3 *![**
Depths:4 *(:

Portals:
Hell: Depths:1 Depths:2 Depths:3 Depths:4 Depths:5
Abyss: Depths:4 Depths:5
Pandemonium: Orc:2 Depths:1 Depths:2 Depths:3 Depths:5
Ziggurat: Depths:4

Annotations:
D:5 2 transporters
D:7 1 runed translucent door, Ayazi56's ghost, novice GrBe
D:15 30 runed doors
Lair:1 1 runed translucent door, axecop's ghost, journeyman DsAK
Lair:4 1 runed translucent door, Hiywul's ghost, journeyman MiHu
Snake:1 2 transporters, unrecovered's ghost, journeyman DrTm
Snake:2 3 runed translucent doors, Romim's ghost, adept GrEE; Wiciz's ghost, adept GrBe
Crypt:1 Khufu
Depths:5 2 transporters, strangelove's ghost, master GrEE


Innate Abilities, Weirdness & Mutations

You are resistant to damage.
You can heal yourself by infusing magical energy.
You resist negative energy. (rN+)
You passively map a large area around you.
You do not regenerate.
((You are partially covered in iridescent scales. (AC +2)))
You are agile. (Dex +2)
You can translocate small distances at will.
Scrolls take you a little longer to read.
You possess an exceptional clarity of mind.
((Armour fits poorly on your strangely shaped body.))
Your body sometimes deteriorates upon taking damage.
You are dopey. (Int -2)
Your magical capacity is low. (-10% MP)
You are strong-willed. (Will+)
((You are resistant to electric shocks. (rElec)))
You are occasionally teleported next to monsters.
Potions are less effective at restoring your health.


Message History

The Killer Klown sprays water.
The Killer Klown blinks!
You feel you are being watched by something.
The Orb Guardian completely misses you.
The moth of wrath goads the Orb Guardian on!
The Orb Guardian goes berserk!
The moth of wrath goads the Orb Guardian on!
The Orb Guardian goes berserk!
The Killer Klown trip-wires you with a +9 club!
* * * LOW HITPOINT WARNING * * *
The Orb Guardian completely misses you. x2
Unknown command.
Unknown command.
You feel much better. The Orb Guardian completely misses you.
The Orb Guardian hits you!!!
* * * LOW HITPOINT WARNING * * *
The Orb Guardian hits you.
* * * LOW HITPOINT WARNING * * *
The Orb Guardian misses you. The Orb Guardian hits you!!!
You die...

** ...........†...## **
▓▓▓▓▓▓▓▓##.....▓▓
▓...............▓▓ ,
^...........)....▓▓ *
....^.............▓▓ **
^.......................▓
*......p.....y...........▓
...........*XX.........▓▓
^,
..........XXvy........▓▓ ,
p..........X*p.......▓▓ ,
.........X{...........▓▓
,,*
.......................▓▓
...............^........▓
*
.........p............^.▓
*▓.................^^...▓▓
▓▓▓.........^.........▓▓
▓▓▓▓....)........▓▓▓▓


You could see 2 orbs of fire, 3 Killer Klowns, 6 Orb Guardians and 2 moths of
wrath.

Vanquished Creatures
  Cerebov (Pan)
  Antaeus (Coc:7)
  Asmodeus (Geh:7)
  Dissolution (Slime:5)
  Ereshkigal (Tar:7)
  Gloorx Vloq (Pan)
  Lom Lobon (Pan)
  Mnoleg (Pan)
  the Serpent of Hell (Tar:7)
  Dispater (Dis:7)
  2 orbs of fire
  Mara (Tomb:3)
  Mennas (Depths:3)
  5 ancient liches
  2 juggernauts
  Boris (thrice) (Vaults:4 Depths:1 Depths:5)
  16 royal mummies
  Margery (Vaults:4)
  24 shard shrikes
  A Killer Klown (Zot:5)
  Vashnia (Snake:3)
  A caustic shrike (Depths:3)
  Geryon (Hell)
  Bai Suzhen (Vaults:4)
  A golden dragon (Vaults:5)
  Jory (Depths:4)
  Nikola (Shoals:1)
  12 bone dragons
  the Enchantress (Depths:4)
  17 Brimstone Fiends
  2 profane servitors (Abyss:5)
  11 liches
  27 Tzitzimimeh
  2 electric golems
  8 doom hounds
  6 pandemonium lords (Pan)
  Jorgrun (Snake:1)
  10 iron giants
  5 hellephants
  Asterion (Snake:4)
  15 Hell Sentinels
  11 tentacled monstrosities
  3 deep elf blademasters
  16 Orb Guardians (Zot:5)
  14 Ice Fiends
  2 deep elf master archers (Elf:3)
  3 quicksilver dragons
  9 titans
  19 acid blobs
  Murray (Hell)
  9 death cobs
  An eldritch tentacle (Pan)
  26 Executioners
  Kirke (Shoals:1)
  14 sphinxes
  22 tentacled starspawn
  23 ancient champions
  Agnes (Elf:1)
  Roxanne (Elf:1)
  2 thorn hunters (Abyss:5)
  12 tengu reavers
  12 nagarajas
  13 storm dragons
  18 shadow dragons
  2 draconian monks
  16 azure jellies
  A revenant (Tomb:1)
  11 warmongers (Pan)
  13 fire giants
  14 frost giants
  6 deep elf sorcerers
  13 iron dragons
  2 draconian knights (Zot:4)
  3 daevas
  A ghost moth (Abyss:5)
  32 cacodemons
  An imperial myrmidon (Desolation)
  42 balrugs
  A draconian shifter (Zot:2)
  Louise (Elf:2)
  2 draconian scorchers
  An orc warlord (Orc:2)
  5 angels
  5 deep elf elementalists
  20 vault wardens
  2 curse skulls (Pan)
  Aizul (Snake:4)
  2 ghouls (Crypt:1)
  2 elemental wellsprings (Coc:7)
  3 draconian annihilators
  25 war gargoyles
  68 reapers
  7 spriggan defenders
  29 stone giants
  9 corrupters (Pan)
  33 ironheart preservers
  50 very ugly things
  6 black suns (Pan)
  8 vampire knights
  13 blood saints (Pan)
  Azrael (Orc:2)
  6 bennus
  7 deep elf demonologists
  6 purple draconians
  9 deep elf annihilators
  2 red draconians (Zot:3)
  7 lorocyprocas
  A dire elephant (Abyss:5)
  5 green draconians
  2 entropy weavers (Vaults:4)
  3 white draconians
  9 black draconians
  5 spark wasps
  29 blizzard demons
  6 yellow draconians
  3 eidola
  2 halazid warlocks (Desolation)
  10 deep elf death magi
  15 ettins
  10 death oozes
  22 mummy priests
  An eleionoma (shapeshifter) (Vaults:3)
  2 kraken zombies
  A shambling mangrove (Abyss:5)
  12 green deaths
  2 jiangshi (Depths:2)
  3 merfolk javelineers
  2 quicksilver dragon zombies
  3 deep elf high priests
  3 merfolk impalers
  6 crystal guardians
  A spectral kraken (Tar:7)
  15 ogre magi
  13 great orbs of eyes
  4 ragged hierophants (Desolation)
  8 hell beasts
  22 yaktaur captains
  12 rakshasas
  10 fire dragons
  28 ice dragons
  20 naga warriors
  10 servants of whispers (Desolation)
  2 quicksilver dragon skeletons
  45 vault guards
  A catoblepas (Lair:4)
  5 monstrous demonspawn (Pan)
  12 peacekeepers (Desolation)
  4 spriggan air magi
  A ghost crab (Tar:1)
  4 boulder beetles
  15 centaur warriors
  4 death knights
  5 hydras
  3 merfolk avatars
  15 anacondas
  51 two-headed ogres
  Erica (Orc:1)
  An anaconda (shapeshifter) (Depths:5)
  35 dancing weapons
  71 death scarabs
  A satyr (Abyss:5)
  4 deep troll shamans
  6 deep troll earth magi
  7 tengu warriors
  6 vampire magi
  8 spriggan berserkers
  25 hell hogs
  26 naga sharpshooters
  33 thrashing horrors
  Urug (Lair:2)
  7 iron golems
  11 titan zombies
  8 shock serpents
  4 orc high priests (Orc:2)
  4 storm dragon zombies
  8 titan skeletons
  27 deep elf knights
  70 sun demons
  Nergalle (Lair:2)
  39 soul eaters
  9 shadow wraiths
  144 skeletal warriors
  3 cherubim (Depths:4)
  35 hell knights
  An entropy weaver zombie (Crypt:2)
  12 iron trolls
  8 spatial maelstroms
  17 wretched stars
  4 ghost moth zombies
  39 sixfirhies
  11 anaconda zombies
  A death drake (shapeshifter) (Depths:4)
  11 torturous demonspawn
  An obsidian statue (Zot:5)
  2 salamander mystics
  21 sea snakes
  5 death drakes
  3 storm dragon skeletons
  41 shadow demons
  13 unseen horrors
  6 golden dragon zombies
  A bog body (Crypt:1)
  5 glowing orange brains
  8 flayed ghosts
  6 wizards
  11 deep elf archers
  6 infernal demonspawn
  4 shadow dragon zombies
  25 deep trolls
  18 phantasmal warriors
  5 naga ritualists
  11 gelid demonspawn
  Pikel (D:5)
  7 anaconda skeletons
  2 orange crystal statues
  A bunyip skeleton (Crypt:1)
  64 deep elf magi
  2 swamp dragons (Abyss:5)
  A sphinx zombie (Vaults:4)
  26 necromancers
  23 harpies
  4 golden dragon skeletons
  3 wolf spiders
  27 ironbrand convokers
  A lindwurm (Lair:6)
  6 shadow dragon skeletons
  6 fire giant zombies
  60 ugly things
  15 orc knights
  2 shining eyes
  6 iron dragon zombies
  4 cyclopes
  4 wolf spider zombies
  15 mana vipers
  8 stone giant zombies
  11 frost giant zombies
  4 oklob plants (Lair:6)
  A will-o-the-wisp (Abyss:5)
  11 orc sorcerers
  14 salamanders
  6 frost giant skeletons
  A salamander (shapeshifter) (Depths:1)
  A faun (Shoals:2)
  86 large abominations
  8 moths of wrath
  8 worldbinders
  10 manticores
  5 stone giant skeletons
  6 dire elephant zombies
  Joseph (D:10)
  5 iron dragon skeletons
  18 vault sentinels
  19 elephants
  39 black mambas
  12 merfolk sirens
  66 smoke demons
  24 naga magi
  13 molten gargoyles
  14 guardian serpents
  45 orange demons
  5 gargoyles
  6 apocalypse crabs
  2 water nymphs
  2 shock serpent zombies
  4 fire giant skeletons
  2 storm dragon simulacra
  A cane toad (shapeshifter) (Vaults:2)
  2 titan simulacra
  32 hellions
  7 ice statues
  33 rust devils
  2 eyes of devastation
  7 dire elephant skeletons
  A yaktaur zombie (Vaults:1)
  A minotaur zombie (Tomb:1)
  An emperor scorpion zombie (Dis:5)
  2 spriggan zombies (D:15)
  A shock serpent skeleton (Pan)
  13 cane toads
  4 catoblepas zombies
  11 spectral swamp worms (Tar:7)
  30 yaktaurs
  31 hellwings
  6 rime drakes
  3 tengu conjurers
  12 efreet
  45 freezing wraiths
  3 kobold demonologists
  2 catoblepas skeletons
  A yaktaur skeleton (Vaults:4)
  49 ice devils
  47 red devils
  13 komodo dragons
  A ghost moth simulacrum (Coc:7)
  A golden dragon simulacrum (Abyss:5)
  39 guardian mummies
  18 ancient zymes
  13 demonic crawlers
  32 tormentors
  4 harpy zombies
  18 trolls
  A troll (shapeshifter) (D:15)
  A tyrant leech (shapeshifter) (Abyss:5)
  16 merfolk
  A merfolk (shapeshifter) (D:13)
  5 wind drakes
  6 hornets
  A queen bee (Pan)
  17 hydra zombies
  3 jumping spiders (shapeshifter)
  3 polar bears
  A meliai (shapeshifter) (Vaults:3)
  3 harpy skeletons
  2 silent spectres
  Grinder (D:5)
  4 alligator zombies
  11 ettin zombies
  69 saltlings (Desolation)
  36 blink frogs
  11 hydra skeletons
  A slime creature (shapeshifter) (Elf:2)
  A dream sheep (shapeshifter) (Depths:1)
  104 slime creatures
  35 raiju
  13 snapping turtles
  11 dream sheep
  A redback (Vaults:4)
  8 fire dragon zombies
  3 ice dragon zombies
  162 flying skulls
  3 ice dragon skeletons
  3 black mamba zombies
  13 shadows
  A centaur simulacrum (D:14)
  2 ettin skeletons
  4 air elementals
  2 alligator skeletons
  17 ushabtiu
  A tarantella (Vaults:4)
  11 wyverns
  21 wraiths
  5 hogs (Shoals:1)
  87 starcursed masses
  44 yaks
  6 fire bats
  6 spriggans
  A vampire (Abyss:3)
  30 water elementals
  2 black mamba skeletons
  A human (Shoals:1)
  4 steam dragons
  45 ynoxinuls
  6 fire dragon skeletons
  A basilisk (shapeshifter) (Abyss:5)
  27 fire elementals
  9 golden eyes
  A yak (shapeshifter) (Vaults:1)
  8 basilisks
  20 chaos spawn
  A human simulacrum (Vaults:4)
  31 neqoxecs
  2 vampire mosquitoes (D:15)
  3 wargs
  31 spatial vortices
  An acid dragon (shapeshifter) (Abyss:1)
  A naga (shapeshifter) (Abyss:5)
  A warg (shapeshifter) (Abyss:5)
  2 acid dragons
  3 hydra simulacra
  20 water moccasins
  69 nagas
  12 cane toad zombies
  2 floating eyes
  An elf skeleton (Vaults:1)
  64 hell hounds
  31 ice beasts
  A hornet zombie (D:12)
  2 merfolk skeletons
  6 sky beasts
  3 black bears
  2 ettin simulacra
  9 eyes of draining
  48 orc warriors
  8 manticore zombies
  A two-headed ogre skeleton (Crypt:1)
  2 cane toad skeletons
  A swamp dragon zombie (Coc:7)
  6 phantoms
  An alligator simulacrum (Hell)
  5 human zombies
  A boulder beetle simulacrum (Vaults:1)
  A fire dragon simulacrum (Abyss:5)
  24 centaurs
  35 ogres
  3 human skeletons
  30 necrophages
  3 snapping turtle zombies
  21 boggarts
  2 manticore skeletons
  A lemure (D:5)
  3 snapping turtle skeletons
  6 elf zombies
  10 big kobolds
  17 bullfrogs
  A wyvern zombie (D:11)
  2 cane toad simulacra
  7 earth elementals
  3 scorpions
  A hornet simulacrum (D:14)
  An elf simulacrum (Vaults:1)
  61 wights
  10 killer bees
  A polar bear skeleton (Crypt:1)
  2 spriggan skeletons
  15 electric eels
  4 howler monkeys
  2 bullfrog zombies
  26 small abominations
  7 crimson imps
  5 lava snakes (Lair:6)
  5 centaur zombies
  7 hounds
  8 jellies
  5 quasits
  51 iron imps
  A jelly (shapeshifter) (Vaults:5)
  A gnoll shaman (D:6)
  3 bullfrog skeletons
  30 orc priests
  7 centaur skeletons
  Ijyb (D:4)
  12 hell rats
  15 worker ants
  2 iguanas
  24 orc wizards
  2 ogre zombies
  A felid skeleton (Crypt:1)
  3 hound skeletons
  47 mummies
  A worker ant zombie (D:7)
  8 gnolls
  12 adders
  9 river rats (Lair:6)
  14 shadow imps
  28 white imps
  6 ufetubi
  An ooze (D:3)
  3 adder zombies
  An adder skeleton (D:6)
  A worm (D:4)
  A dart slug (D:1)
  7 leopard geckos
  99 orcs
  2 ball pythons
  4 bats
  4 giant cockroaches
  15 goblins
  4 hobgoblins
  8 jackals
  3 quokkas
  5 frilled lizards
  A goblin skeleton (Crypt:1)
  A jackal skeleton (Crypt:1)
  A jackal zombie (D:7)
  15 kobolds
  9 rats
  A river rat zombie (Crypt:1)
  3 ball lightnings (Pan)
  A block of ice (Pan)
  4 crawling corpses (Elf:3)
  A fire vortex (Pan)
  3 lurking horrors
  A plant (Depths:4)
  17 starspawn tentacles
  8 tentacles
5607 creatures vanquished.

Vanquished Creatures (collateral kills)
  the Royal Jelly (Slime:5)
  A golden dragon (Zot:5)
  An Orb Guardian (Zot:5)
  An azure jelly (Slime:5)
  A cacodemon (Pan)
  A crystal guardian (Desolation)
  3 naga warriors
  An anaconda (Snake:1)
  2 death scarabs (Tomb:2)
  A naga sharpshooter (Snake:1)
  An orc high priest (Orc:2)
  An ugly thing (Pan)
  A cyclops (Vaults:1)
  2 deep elf magi (Elf:2)
  A salamander (Snake:4)
  An elephant (Lair:4)
  A naga mage (Snake:4)
  A guardian mummy (Tomb:2)
  2 saltlings (Desolation)
  A flying skull (Tomb:2)
  3 yaks (Lair:4)
  3 nagas
  An orc warrior (Orc:1)
  An ogre (Orc:1)
  An orc priest (Orc:1)
  2 mummies (Tomb:2)
  An orc (Orc:1)
37 creatures vanquished.

Vanquished Creatures (others)
  A tentacled starspawn (Abyss:3)
  A fire giant (Vaults:3)
  2 elemental wellsprings (Coc:7)
  A blizzard demon (Pan)
  A green death (Pan)
  A naga warrior (Snake:1)
  2 death scarabs (Tomb:3)
  A sixfirhy (Pan)
  A shadow wraith (Vaults:4)
  2 wizards (Pan)
  A deep elf mage (Elf:2)
  A mana viper (Abyss:3)
  A moth of wrath (Zot:5)
  A naga mage (Snake:3)
  2 hellions (Pan)
  A guardian mummy (Tomb:3)
  3 large abominations
  4 raiju (Abyss:3)
  2 starcursed masses (Abyss:5)
  2 flying skulls
  3 water elementals
  2 golden eyes (Abyss:3)
  2 nagas (Snake:4)
  A small abomination (Abyss:5)
  A snapping turtle skeleton (Coc:7)
  An iron imp (Dis:7)
  A hell rat (Hell)
  A white imp (Abyss:3)
  An ooze (Abyss:5)
  An orc (Orc:1)
  17 ball lightnings (Pan)
  2 bushes (Abyss:1)
  7 demonic plants (Abyss:5)
  39 fungi
  3 lurking horrors
  123 plants
  26 starspawn tentacles
  4 tentacles
  16 withered plants (D:15)
282 creatures vanquished.

Grand Total: 5926 creatures vanquished

Notes
Turn   | Place    | Note
-------+----------+-------------------------------------------
     0 | D:1      | olmar the Deep Dwarf Fighter began the quest for the Orb.
     0 | D:1      | Reached XP level 1. HP: 20/20 MP: 1/1
    49 | D:1      | Reached XP level 2. HP: 25/27 MP: 2/2
   364 | D:1      | Reached XP level 3. HP: 28/33 MP: 3/3
  1090 | D:2      | You fall into a shaft and drop 1 floor!
  1650 | D:3      | Reached XP level 4. HP: 26/40 MP: 4/4
  1699 | D:3      | Found an opulent altar of Gozag.
  1802 | D:3      | Found a hide-covered altar of Uskayaw.
  1803 | D:3      | Found a radiant altar of Vehumet.
  1804 | D:3      | Found a bloodstained altar of Trog.
  2483 | D:4      | Reached XP level 5. HP: 47/49 MP: 5/5
  2632 | D:4      | Reached XP level 6. HP: 41/56 MP: 6/6
  2794 | D:4      | Noticed Ijyb
  2815 | D:4      | Killed Ijyb
  2969 | D:5      | Entered Level 5 of the Dungeon
  2982 | D:5      | Reached skill level 5 in Axes
  3037 | D:5      | Noticed Pikel
  3051 | D:5      | Killed Pikel
  3052 | D:5      | Reached skill level 5 in Armour
  3052 | D:5      | Reached skill level 5 in Shields
  3052 | D:5      | Reached XP level 7. HP: 51/63 MP: 6/6
  3077 | D:5      | Found a transporter.
  3083 | D:5      | Found a transporter.
  3088 | D:5      | Identified the cursed +1 spear "Ypaenerph" {elec, +Blink
                  | rF+ Stlth+}
  3129 | D:5      | Noticed Grinder
  3161 | D:5      | Killed Grinder
  3162 | D:5      | Reached XP level 8. HP: 47/72 MP: 7/7
  3813 | D:6      | Gained mutation: You passively map the area around you.
                  | [Deep Dwarf growth]
  3813 | D:6      | Reached XP level 9. HP: 37/77 MP: 7/7
  4441 | D:7      | Noticed Ayazi56's ghost (novice GrBe)
  4445 | D:7      | Found a runed translucent door.
  4659 | D:7      | Found a staircase to the Ecumenical Temple.
  4955 | Temple   | Entered the Ecumenical Temple
  5705 | D:8      | Reached skill level 5 in Fighting
  5705 | D:8      | Reached skill level 10 in Axes
  6229 | D:9      | Found a burning altar of Makhleb.
  6237 | D:9      | Became a worshipper of Makhleb the Destroyer
  6243 | D:9      | Reached XP level 10. HP: 43/88 MP: 8/8
  6301 | D:9      | Found a staircase to the Lair.
  6584 | D:9      | Reached * piety under Makhleb
  6610 | D:9      | Found Toiqoo's Assorted Antiques.
  6771 | D:9      | Noticed a two-headed ogre
  6786 | D:9      | Killed a two-headed ogre
  7010 | Lair:1   | Entered Level 1 of the Lair of Beasts
  7046 | Lair:1   | Noticed a cane toad
  7066 | Lair:1   | Killed a cane toad
  7067 | Lair:1   | Reached XP level 11. HP: 47/99 MP: 8/8
  7345 | D:10     | Entered Level 10 of the Dungeon
  7349 | D:10     | Noticed a cyan ugly thing
  7371 | D:10     | Killed a cyan ugly thing
  7395 | D:10     | Noticed a two-headed ogre
  7424 | D:10     | Killed a two-headed ogre
  7644 | D:10     | Killed an unseen horror
  7918 | Lair:1   | Found a runed translucent door.
  7918 | Lair:1   | Noticed axecop's ghost (journeyman DsAK)
  7978 | Lair:1   | Found a hide-covered altar of Uskayaw.
  8329 | Lair:2   | Noticed Urug
  8347 | Lair:2   | Killed Urug
  8962 | Lair:2   | Noticed Nergalle
  8978 | Lair:2   | Killed Nergalle
  8979 | Lair:2   | Reached skill level 10 in Armour
  9131 | Lair:3   | Found a staircase to the Shoals.
  9146 | Lair:3   | Reached skill level 10 in Shields
  9211 | Lair:3   | Found a frozen archway.
  9226 | Lair:3   | Reached ** piety under Makhleb
  9241 | IceCv    | Entered an ice cave
  9253 | IceCv    | Reached XP level 12. HP: 67/110 MP: 8/8
  9601 | IceCv    | Noticed an ice dragon
  9601 | IceCv    | Noticed an ice dragon
  9615 | IceCv    | Killed an ice dragon
  9630 | IceCv    | Killed an ice dragon
  9684 | IceCv    | Got a scorched brass ring
  9688 | IceCv    | Got a slimy ruby amulet
  9692 | IceCv    | Identified the ring of Zamiev {rElec rN+ Str+2 Dex+6} (You
                  | found it in an ice cave)
  9703 | IceCv    | Identified the amulet of Lachedeh {Spirit rPois rF++
                  | Slay+2} (You found it in an ice cave)
  9999 | Lair:3   | Reached *** piety under Makhleb
 10464 | Lair:4   | Reached skill level 15 in Axes
 10742 | Lair:4   | Reached XP level 13. HP: 109/121 MP: 0/5
 10827 | Lair:4   | Found a staircase to the Snake Pit.
 10857 | Lair:4   | Found a runed translucent door.
 10867 | Lair:4   | Noticed Hiywul's ghost (journeyman MiHu)
 11060 | Lair:4   | Reached **** piety under Makhleb
 12153 | Lair:6   | Entered Level 6 of the Lair of Beasts
 12206 | Lair:6   | Noticed a fire dragon
 12273 | Lair:6   | Reached skill level 10 in Fighting
 12287 | Lair:6   | Found a large runed translucent door.
 12288 | Lair:6   | Found a large runed translucent door.
 12523 | Lair:6   | Reached ***** piety under Makhleb
 12690 | Lair:6   | Gained mutation: You resist negative energy. (rN+) [Deep
                  | Dwarf growth]
 12690 | Lair:6   | Reached XP level 14. HP: 133/133 MP: 0/6
 12795 | Lair:6   | Found a staircase to the Slime Pits.
 14092 | D:10     | Noticed Joseph
 14098 | D:10     | Killed Joseph
 14716 | D:10     | Noticed a frost giant
 14733 | D:10     | Killed a frost giant
 14734 | D:10     | Reached skill level 1 in Invocations
 14897 | D:11     | Found Ibrynluf's Book Emporium.
 14961 | D:11     | Reached ****** piety under Makhleb
 15187 | D:11     | Found a staircase to the Orcish Mines.
 16506 | D:13     | Found a broken altar of Ashenzari.
 16645 | D:13     | Found a gate to the Vaults.
 16645 | D:13     | Noticed an ironheart preserver
 16661 | D:13     | Killed an ironheart preserver
 16839 | D:13     | Reached XP level 15. HP: 123/144 MP: 0/8
 17337 | D:13     | Identified the Grimoire of Air and Evil Secrets
 18251 | D:14     | Found a runed translucent door.
 18252 | D:14     | Found a runed translucent door.
 18291 | D:14     | Identified the Compendium of Transmutation
 18612 | D:15     | Entered Level 15 of the Dungeon
 18647 | D:15     | Reached skill level 15 in Shields
 18735 | D:15     | Found Emopoq's Antique Armour Boutique.
 18750 | D:15     | Bought a glowing cloak for 210 gold pieces
 18840 | D:15     | Found a staircase to the Depths.
 18857 | D:15     | Identified the +1 ring mail "Fivon" {rCorr}
 18989 | D:15     | Reached XP level 16. HP: 98/156 MP: 0/9
 18999 | D:15     | Found a huge runed gate.
 18999 | D:15     | Found a huge runed gate.
 18999 | D:15     | Found a huge runed gate.
 18999 | D:15     | Found a huge runed gate.
 18999 | D:15     | Found a huge runed gate.
 18999 | D:15     | Found a huge runed gate.
 18999 | D:15     | Found a huge runed gate.
 18999 | D:15     | Found a huge runed gate.
 18999 | D:15     | Found a huge runed gate.
 18999 | D:15     | Found a huge runed gate.
 19004 | D:15     | Found a huge runed gate.
 19010 | D:15     | Found a huge runed gate.
 19011 | D:15     | Found a huge runed gate.
 19012 | D:15     | Found a huge runed gate.
 19013 | D:15     | Found a huge runed gate.
 19014 | D:15     | Found a huge runed gate.
 19015 | D:15     | Found a huge runed gate.
 19016 | D:15     | Found a huge runed gate.
 19017 | D:15     | Found a huge runed gate.
 19048 | D:15     | Found a huge runed gate.
 19048 | D:15     | Found a huge runed gate.
 19048 | D:15     | Found a huge runed gate.
 19048 | D:15     | Found a huge runed gate.
 19048 | D:15     | Found a huge runed gate.
 19049 | D:15     | Found a huge runed gate.
 19050 | D:15     | Found a huge runed gate.
 19051 | D:15     | Found a huge runed gate.
 19052 | D:15     | Found a huge runed gate.
 19060 | D:15     | Found a huge runed gate.
 19060 | D:15     | Found a huge runed gate.
 19442 | Orc:1    | Entered Level 1 of the Orcish Mines
 19903 | Orc:1    | Noticed Erica
 19925 | Orc:1    | Killed Erica
 20022 | Orc:2    | Entered Level 2 of the Orcish Mines
 20217 | Orc:2    | Found Ruseo's Magic Scroll Boutique.
 20245 | Orc:2    | Got a translucent chain mail
 20246 | Orc:2    | Identified the +9 chain mail "Qebon" {Dex+3} (You found it
                  | on level 2 of the Orcish Mines)
 20409 | Orc:2    | Found a roughly hewn altar of Beogh.
 20479 | Orc:2    | Found Xoss's General Store.
 20506 | Orc:2    | Found Ydolit's General Store.
 20799 | Orc:2    | Found a staircase to the Elven Halls.
 20934 | Orc:2    | Noticed Azrael
 20951 | Orc:2    | Killed Azrael
 21284 | Orc:2    | Found Xirexoki's Book Emporium.
 21284 | Orc:2    | Found Haaff's Antique Weapon Shoppe.
 21284 | Orc:2    | Found a one-way gate leading to the halls of Pandemonium.
 21372 | Orc:2    | Bought a scroll of acquirement for 884 gold pieces
 21372 | Orc:2    | Acquired a manual of Armour
 21789 | Elf:1    | Entered Level 1 of the Elven Halls
 21932 | Elf:1    | Identified Roxanne's Incunabulum of Transformation
 21932 | Elf:1    | Noticed Roxanne
 22076 | Elf:1    | Killed Roxanne
 22345 | Elf:1    | Identified the Handbook of the Stallion
 22477 | Elf:1    | Found Dytrad's Antique Armour Shoppe.
 22482 | Elf:1    | Bought an embroidered scarf for 232 gold pieces
 22508 | Elf:1    | Bought a runed scarf for 232 gold pieces
 22515 | Elf:1    | Bought a runed helmet for 217 gold pieces
 22584 | Elf:1    | Noticed Agnes
 22612 | Elf:1    | Killed Agnes
 22840 | Elf:2    | Got an ancient jade ring
 22842 | Elf:2    | Identified the ring "Naumpameav" {rN+ Str+4} (You found it
                  | on level 2 of the Elven Halls)
 22937 | Elf:2    | Found a runed translucent gate.
 22993 | Elf:2    | Reached XP level 17. HP: 156/166 MP: 0/11
 23030 | Elf:2    | Noticed Louise
 23130 | Elf:2    | Killed Louise
 23167 | Elf:2    | Found a runed translucent gate.
 23172 | Elf:2    | Found a runed translucent gate.
 23602 | Elf:3    | Entered Level 3 of the Elven Halls
 23904 | Elf:3    | Noticed a deep elf blademaster
 23911 | Elf:3    | Noticed a deep elf master archer
 23941 | Elf:3    | Killed a deep elf blademaster
 24307 | Snake:1  | Entered Level 1 of the Snake Pit
 24314 | Snake:1  | Found an iron altar of Okawaru.
 24346 | Snake:1  | Noticed Jorgrun
 24369 | Snake:1  | Killed Jorgrun
 24852 | Snake:1  | Noticed unrecovered's ghost (journeyman DrTm)
 24858 | Snake:1  | Found a transporter.
 24875 | Snake:1  | Found a transporter.
 25500 | Snake:2  | Found a runed translucent gate.
 25500 | Snake:2  | Found a runed translucent gate.
 25500 | Snake:2  | Found a runed translucent gate.
 25504 | Snake:2  | Noticed Wiciz's ghost (adept GrBe)
 25504 | Snake:2  | Noticed Romim's ghost (adept GrEE)
 25698 | Snake:2  | Reached skill level 15 in Fighting
 26171 | Snake:3  | Gained mutation: You passively map a large area around you.
                  | [Deep Dwarf growth]
 26171 | Snake:3  | Reached XP level 18. HP: 178/178 MP: 0/12
 26227 | Snake:3  | Noticed Vashnia
 26268 | Snake:3  | Killed Vashnia
 26427 | Snake:3  | Reached skill level 15 in Armour
 27437 | Snake:4  | Entered Level 4 of the Snake Pit
 27765 | Snake:4  | Noticed Asterion
 27783 | Snake:4  | Gained mutation: You tend to lose your temper in combat. [a
                  | cacodemon]
 27793 | Snake:4  | Killed Asterion
 28509 | Snake:4  | Reached XP level 19. HP: 188/188 MP: 0/13
 29268 | Snake:4  | Got a serpentine rune of Zot
 29281 | Snake:4  | Noticed Aizul
 29311 | Snake:4  | Killed Aizul
 30557 | Elf:3    | Identified the ring of Doehos {Ice Dex+2}
 30694 | Elf:3    | Noticed a Tzitzimitl
 30749 | Elf:3    | Identified the cursed +0 mace of the Bruised Seers {drain,
                  | rC+ Will++ Str+9 Int-2}
 30797 | Elf:3    | Identified the cursed +0 scimitar "Sicvog" {elec, *Contam
                  | rN+ Will+ Int+3}
 30797 | Elf:3    | Identified the +3 buckler "Niecve" {rC++ Dex-3}
 30836 | Elf:3    | Identified the +2 hat "Qimocw" {rElec rN+ Dex+5 Slay+3}
                  | (You found it on level 3 of the Elven Halls)
 30862 | Elf:3    | Found the +2 cloak of the Thief {*Fog Slay-2 SInv Stlth+}
 30862 | Elf:3    | Identified the Catalogue of Transmutation and Earth
 31494 | Vaults:1 | Entered Level 1 of the Vaults
 31550 | Vaults:1 | Reached XP level 20. HP: 199/199 MP: 0/14
 33314 | Vaults:2 | Acquired the +3 pair of gauntlets of War {Slay+5}
 33315 | Vaults:2 | Found the +3 pair of gauntlets of War {Slay+5}
 33809 | Vaults:2 | Found a staircase to the Crypt.
 33809 | Vaults:2 | Found a basalt altar of Yredelemnul.
 33809 | Vaults:2 | Found an ancient bone altar of Kikubaaqudgha.
 33945 | Vaults:2 | Reached XP level 21. HP: 211/211 MP: 0/15
 34013 | Vaults:2 | Found a burning altar of Makhleb.
 35339 | Vaults:3 | Identified the ring "Xauzyd" {Dex+4 Stlth-}
 35584 | Vaults:3 | Identified the +5 quarterstaff "Xuoriwke" {vorpal, Dex+3}
 35762 | Vaults:3 | Identified the amulet "Xoimalo" {Inacc Stlth+} (You found
                  | it on level 3 of the Vaults)
 36204 | Vaults:4 | Reached XP level 22. HP: 223/223 MP: 0/16
 36294 | Vaults:4 | Found a ruined gateway.
 36296 | Vaults:4 | Found a glowing silver altar of Zin.
 36296 | Vaults:4 | Found a white marble altar of Elyvilon.
 36297 | Vaults:4 | Found a glowing golden altar of the Shining One.
 36325 | Desolati | Entered the Desolation of Salt
 36712 | Desolati | Reached skill level 5 in Invocations
 36834 | Desolati | Identified the Papyrus of Unreason
 36884 | Desolati | Identified the amulet of the Ten Cities {Faith Dex+6} (You
                  | found it in the Desolation of Salt)
 36894 | Desolati | Identified Sif Muna's Almanac of the Birds and Malediction
 37367 | Vaults:4 | Found a transporter.
 37379 | Vaults:4 | Found a transporter.
 37430 | Vaults:4 | Identified Sif Muna's Collected Works on Stones and Toxins
 37432 | Vaults:4 | Identified the Grimoire of Supportive Feathers
 37437 | Vaults:4 | Identified the ring "Metuvvis" {rF+ rC+} (You found it on
                  | level 4 of the Vaults)
 37458 | Vaults:4 | Noticed Bai Suzhen
 37476 | Vaults:4 | Killed Bai Suzhen
 37723 | Vaults:4 | Noticed Boris
 37743 | Vaults:4 | Killed Boris
 37777 | Vaults:4 | Found a portal to a secret trove of treasure.
 37867 | Vaults:4 | Reached XP level 23. HP: 204/234 MP: 0/17
 37991 | Vaults:4 | Noticed Margery
 38015 | Vaults:4 | Killed Margery
 38519 | Vaults:5 | Entered Level 5 of the Vaults
 38813 | Vaults:5 | Found the +4 moon troll leather armour {Spirit, Regen++
                  | MP+5}
 38814 | Vaults:5 | Found the ring of the Mage {Wiz Will++ Int+3}
 38970 | Vaults:5 | Reached XP level 24. HP: 246/246 MP: 0/17
 39166 | Vaults:5 | Identified the ring "Daomeple" {*Contam Will+++ Str+6
                  | Dex+6} (You found it on level 5 of the Vaults)
 39213 | Vaults:5 | Identified the ring of Mooxan {*Contam rC+ rCorr Str+2
                  | Int+9} (You found it on level 5 of the Vaults)
 39268 | Vaults:5 | Got a silver rune of Zot
 39292 | Vaults:5 | Identified the +4 short sword "Demon's Death Toll" {drain,
                  | rPois rN+ Int+4}
 39411 | Vaults:5 | Identified the ring "Vudwyal" {*Slow +Fly Int+4 Dex+3}
 39592 | Vaults:5 | Identified Sif Muna's Reference Book on Earthen Darkness
 40260 | Shoals:1 | Entered Level 1 of the Shoals
 40671 | Shoals:1 | Noticed Kirke
 40684 | Shoals:1 | Killed Kirke
 40727 | Shoals:1 | Noticed Nikola
 40742 | Shoals:1 | Killed Nikola
 40973 | Shoals:2 | You fall into a shaft and drop 1 floor!
 41221 | Shoals:4 | Entered Level 4 of the Shoals
 41390 | Shoals:4 | Identified Xoatroki's Collected Works on Aerial Conjuration
 41651 | Shoals:4 | Got a barnacled rune of Zot
 42313 | Depths:1 | Entered Level 1 of the Depths
 42345 | Depths:1 | Found a gateway to Hell.
 42422 | Depths:1 | Noticed Boris
 42441 | Depths:1 | Killed Boris
 42837 | Depths:1 | Found a broken altar of Ashenzari.
 42921 | Depths:1 | Reached XP level 25. HP: 249/256 MP: 0/17
 43159 | Depths:2 | Found Rappej's General Store.
 43399 | Depths:2 | Paralysed by a floating eye for 2 turns
 43551 | Depths:2 | Noticed a juggernaut
 43559 | Depths:2 | Killed a juggernaut
 43794 | Depths:2 | Found Ihilatz's Jewellery Shoppe.
 43795 | Depths:2 | Found Fauni's Gadget Shop.
 43797 | Depths:2 | Found Peshrigud's Jewellery Shoppe.
 44057 | Vaults:5 | Got an ichor-stained broad axe
 44058 | Vaults:5 | Identified the +3 broad axe "Seitar" {freeze, *Corrode
                  | rElec rN+++ Str-4} (You found it on level 5 of the Vaults)
 44654 | Depths:3 | Found Ujuxoz's General Store.
 44906 | Depths:3 | Found Legukh's Assorted Antiques.
 44987 | Depths:3 | Found Peocvori's Assorted Antiques.
 45000 | Depths:3 | Bought 2 potions of curing for 156 gold pieces
 45104 | Depths:3 | Found Icyshrent's Distillery.
 45116 | Depths:3 | Bought a potion of curing for 54 gold pieces
 45116 | Depths:3 | Bought a potion of curing for 54 gold pieces
 45116 | Depths:3 | Bought a potion of curing for 54 gold pieces
 45146 | Depths:3 | Found Xustraamo's Armour Emporium.
 45151 | Depths:3 | Noticed Mennas
 45198 | Depths:3 | Killed Mennas
 45954 | Depths:3 | Found a runed translucent door.
 45960 | Depths:3 | Found a runed translucent door.
 45961 | Depths:3 | Noticed a juggernaut
 46162 | Depths:3 | Killed a juggernaut
 46739 | Depths:4 | Found a hide-covered altar of Uskayaw.
 46758 | Depths:4 | Noticed Jory
 46770 | Depths:4 | Killed Jory
 47086 | Depths:4 | Found a one-way gate to the infinite horrors of the Abyss.
 47236 | Depths:4 | Found Ywonodau's Antique Weapon Shoppe.
 47280 | Depths:4 | Reached XP level 26. HP: 268/268 MP: 0/17
 47286 | Depths:4 | Found a gateway to a ziggurat.
 47703 | Vaults:4 | You paid a toll of +5 fire dragon scales to enter a
                  | treasure trove
 47704 | Trove    | Entered a treasure trove
 47710 | Trove    | Got a scorched crystal plate armour
 47716 | Trove    | Identified the +2 crystal plate armour of Cheibriados's
                  | Scorn {rPois rF+ Regen+ Int-4} (You found it in a treasure
                  | trove)
 47717 | Trove    | Identified the +0 pair of boots of Perpetual Drought {rC++
                  | Str+4 Int-2 Stlth+} (You found it in a treasure trove)
 47721 | Trove    | Identified the +0 pair of boots of Zotwedy {*Drain rElec
                  | rF+ rCorr} (You found it in a treasure trove)
 47723 | Trove    | Identified the +0 pair of boots "Nujig" {rElec rPois Str+3}
                  | (You found it in a treasure trove)
 47756 | Trove    | Got a crude plate armour
 47760 | Trove    | Got a spiked chain mail
 47773 | Trove    | Identified the cursed +1 plate armour of Mopyusal {Regen+
                  | rCorr Str+3 Int-2} (You found it in a treasure trove)
 47774 | Trove    | Identified the +4 chain mail "Bungaem" {Rampage rElec rF+
                  | SInv} (You found it in a treasure trove)
 47775 | Trove    | Identified the cursed +1 ring mail of Gallantry {Regen+}
                  | (You found it in a treasure trove)
 48208 | Depths:4 | Noticed the Enchantress
 48238 | Depths:4 | Killed the Enchantress
 48314 | Depths:4 | Found Iclen's Assorted Antiques.
 48349 | Depths:4 | Bought a dazzling broad axe for 297 gold pieces
 48349 | Depths:4 | Bought a potion of heal wounds for 165 gold pieces
 48349 | Depths:4 | Identified the +5 broad axe of Karma {holy, *Corrode rC+
                  | Str+6 Dex+4} (You bought it in a shop on level 4 of the
                  | Depths)
 48353 | Depths:4 | Bought a scroll of identify for 66 gold pieces
 48353 | Depths:4 | Bought a wand of acid (12) for 264 gold pieces
 48755 | Depths:4 | Found Fienues's Book Emporium.
 48863 | Depths:5 | Entered Level 5 of the Depths
 48885 | Depths:5 | Found a corrupted altar of Lugonu.
 48952 | Depths:5 | Noticed Boris
 48986 | Depths:5 | Killed Boris
 49378 | Depths:5 | Found a transporter.
 49380 | Depths:5 | Noticed strangelove's ghost (master GrEE)
 49392 | Depths:5 | Found a transporter.
 49508 | Depths:5 | Found a gate to the Realm of Zot.
 50098 | Hell     | Entered the Vestibule of Hell
 50101 | Hell     | Noticed Geryon
 50104 | Hell     | Noticed Murray
 50123 | Hell     | Killed Murray
 50132 | Hell     | Reached skill level 27 in Shields
 50147 | Hell     | Killed Geryon
 50233 | Hell     | Found a gateway to the ashen valley of Gehenna.
 50317 | Hell     | Found a gateway to the freezing wastes of Cocytus.
 50337 | Coc:1    | Entered Level 1 of Cocytus
 50366 | Coc:1    | Reached skill level 27 in Axes
 50366 | Coc:1    | Reached XP level 27. HP: 279/279 MP: 0/17
 51410 | Coc:7    | Entered Level 7 of Cocytus
 52205 | Coc:7    | Identified the +10 hand crossbow of Vedeawk {freeze, rN+}
 52271 | Coc:7    | Noticed Antaeus
 52294 | Coc:7    | Killed Antaeus
 52334 | Coc:7    | Got an icy rune of Zot
 52670 | Hell     | Found a gateway to the Iron City of Dis.
 52717 | Geh:1    | Entered Level 1 of Gehenna
 53205 | Geh:5    | You fall into a shaft and drop 1 floor!
 53307 | Geh:7    | Entered Level 7 of Gehenna
 53582 | Geh:7    | Reached skill level 27 in Fighting
 53941 | Geh:7    | Identified the cursed +1 great sword of the End of Times
                  | {vorpal, rElec rF+}
 53941 | Geh:7    | Identified the ring of Fouqulu {rF+ Str+6 Dex+7}
 54068 | Geh:7    | Found the +7 sceptre of Asmodeus
 54068 | Geh:7    | Noticed Asmodeus
 54092 | Geh:7    | Killed Asmodeus
 54119 | Geh:7    | Got an obsidian rune of Zot
 54524 | Hell     | Found a gateway to the decaying netherworld of Tartarus.
 54540 | Tar:1    | Entered Level 1 of Tartarus
 55736 | Tar:7    | Entered Level 7 of Tartarus
 55849 | Tar:7    | Reached skill level 27 in Armour
 55964 | Tar:7    | Reached skill level 1 in Earth Magic
 56167 | Tar:7    | Reached skill level 1 in Transmutations
 56179 | Tar:7    | Reached skill level 1 in Slings
 56183 | Tar:7    | Reached skill level 1 in Conjurations
 56188 | Tar:7    | Reached skill level 1 in Translocations
 56188 | Tar:7    | Reached skill level 1 in Poison Magic
 56197 | Tar:7    | Reached skill level 1 in Long Blades
 56204 | Tar:7    | Reached skill level 1 in Unarmed Combat
 56204 | Tar:7    | Reached skill level 1 in Spellcasting
 56204 | Tar:7    | Reached skill level 1 in Hexes
 56204 | Tar:7    | Reached skill level 1 in Fire Magic
 56204 | Tar:7    | Reached skill level 1 in Ice Magic
 56315 | Tar:7    | Reached skill level 1 in Polearms
 56315 | Tar:7    | Reached skill level 1 in Crossbows
 56315 | Tar:7    | Reached skill level 1 in Necromancy
 56315 | Tar:7    | Reached skill level 1 in Air Magic
 56331 | Tar:7    | Reached skill level 1 in Evocations
 56382 | Tar:7    | Reached skill level 5 in Evocations
 56459 | Tar:7    | Found the +8 longbow "Zephyr" {speed, Dex+3 SInv}
 56504 | Tar:7    | Noticed the Serpent of Hell
 56518 | Tar:7    | Killed the Serpent of Hell
 56575 | Tar:7    | Reached skill level 10 in Evocations
 57106 | Tar:7    | Noticed Ereshkigal
 57133 | Tar:7    | Killed Ereshkigal
 57159 | Tar:7    | Got a bone rune of Zot
 57161 | Tar:7    | Identified the +4 plate armour "Kege" {rF+ rC+ Int-3 SInv}
                  | (You found it on level 7 of Tartarus)
 57163 | Tar:7    | Identified the ring of Suvvepp {MP+9 Dex+2} (You found it
                  | on level 7 of Tartarus)
 57384 | Hell     | Reached skill level 15 in Evocations
 57639 | Dis:1    | Entered Level 1 of the Iron City of Dis
 58479 | Dis:7    | Entered Level 7 of the Iron City of Dis
 58493 | Dis:7    | Found a huge runed gate.
 58493 | Dis:7    | Found a huge runed gate.
 58493 | Dis:7    | Found a huge runed gate.
 58740 | Dis:7    | Found the +4 staff of Dispater
 58740 | Dis:7    | Noticed Dispater
 58755 | Dis:7    | Killed Dispater
 58767 | Dis:7    | Got an iron rune of Zot
 60909 | Slime:1  | Entered Level 1 of the Pits of Slime
 61084 | Slime:4  | Gained mutation: Your body sometimes deteriorates upon
                  | taking damage. [a shining eye]
 61086 | Slime:4  | Gained mutation: Your spells are a little easier to cast,
                  | but a little less powerful. [a shining eye]
 61198 | Slime:5  | Entered Level 5 of the Pits of Slime
 61224 | Slime:5  | Noticed the Royal Jelly
 61396 | Slime:5  | Killed the Royal Jelly
 61414 | Slime:5  | Gained mutation: Scrolls take you a little longer to read.
                  | [a shining eye]
 61417 | Slime:5  | Gained mutation: Scrolls take you longer to read. [a
                  | shining eye]
 61418 | Slime:5  | Gained mutation: You often lose your temper in combat. [a
                  | shining eye]
 61436 | Slime:5  | Reached skill level 27 in Evocations
 61506 | Slime:5  | Noticed Dissolution
 61516 | Slime:5  | Paralysed by a floating eye for 4 turns
 61522 | Slime:5  | Reached skill level 10 in Invocations
 61524 | Slime:5  | Paralysed by a floating eye for 4 turns
 61527 | Slime:5  | Killed Dissolution
 61629 | Slime:5  | Got a slimy rune of Zot
 61662 | Slime:5  | Identified the amulet "Usij" {Regen+ Str+3 SInv} (You found
                  | it on level 5 of the Pits of Slime)
 61731 | Slime:5  | Identified Ehuitem's Tome of Creative Orientation
 61829 | Lair:4   | Gained mutation: Your magical capacity is low. (-10% MP)
                  | [mutagenic glow]
 62078 | Depths:4 | Voluntarily entered the Abyss.
 62273 | Abyss:1  | Paralysed by accursed screaming for 1 turns
 62850 | Abyss:1  | Lost mutation: Your body sometimes deteriorates upon taking
                  | damage. [potion of mutation]
 62850 | Abyss:1  | Lost mutation: You have an uncontrollable temper. [potion
                  | of mutation]
 62850 | Abyss:1  | Lost mutation: You often lose your temper in combat.
                  | [potion of mutation]
 62850 | Abyss:1  | Lost mutation: Scrolls take you longer to read. [potion of
                  | mutation]
 62850 | Abyss:1  | Gained mutation: You are partially covered in slimy green
                  | scales. (AC +2) [potion of mutation]
 62851 | Abyss:1  | Lost mutation: Your spells are a little easier to cast, but
                  | a little less powerful. [potion of mutation]
 62851 | Abyss:1  | Lost mutation: Your magical capacity is low. (-10% MP)
                  | [potion of mutation]
 62851 | Abyss:1  | Lost mutation: Scrolls take you a little longer to read.
                  | [potion of mutation]
 62851 | Abyss:1  | Gained mutation: You have supernaturally acute eyesight.
                  | (SInv) [potion of mutation]
 62851 | Abyss:1  | Gained mutation: Your mind is acute. (Int +2) [potion of
                  | mutation]
 63280 | Abyss:1  | Reached skill level 15 in Invocations
 63447 | Abyss:2  | Found a corrupted altar of Lugonu.
 63491 | Abyss:3  | Found a corrupted altar of Lugonu.
 63711 | Abyss:3  | Found a basalt altar of Yredelemnul.
 64173 | Abyss:3  | Noticed an ancient lich
 64179 | Abyss:3  | Killed an ancient lich
 64302 | Abyss:3  | Found a corrupted altar of Lugonu.
 64740 | Abyss:5  | Entered Level 5 of the Abyss
 64740 | Abyss:5  | Found a corrupted altar of Lugonu.
 64833 | Abyss:5  | Found a corrupted altar of Lugonu.
 65120 | Abyss:5  | Paralysed by accursed screaming for 1 turns
 65133 | Abyss:5  | Paralysed by accursed screaming for 1 turns
 65269 | Abyss:5  | Noticed an ancient lich
 65277 | Abyss:5  | Killed an ancient lich
 65423 | Abyss:5  | Lost mutation: Your mind is acute. (Int +2) [a neqoxec]
 65483 | Abyss:5  | Found a corrupted altar of Lugonu.
 65664 | Abyss:5  | Found a corrupted altar of Lugonu.
 65677 | Abyss:5  | Lost intelligence.
 65848 | Abyss:5  | Reached skill level 1 in Dodging
 65872 | Abyss:5  | Got an abyssal rune of Zot
 65877 | Depths:4 | Escaped the Abyss
 65968 | Pan      | Entered Pandemonium
 66445 | Pan      | Found an exit through the horrors of the Abyss.
 66621 | Pan      | Found a runed translucent door.
 66622 | Pan      | Found a runed translucent door.
 66630 | Pan      | Found a runed translucent door.
 66636 | Pan      | Noticed Ifei the pandemonium lord
 66643 | Pan      | Killed Ifei the pandemonium lord
 66703 | Pan      | Found a runed translucent door.
 66792 | Pan      | Reached skill level 5 in Unarmed Combat
 66876 | Pan      | Found a transporter.
 66876 | Pan      | Found a transporter.
 66981 | Pan      | Reached skill level 5 in Dodging
 66984 | Pan      | Got a transparent tin ring
 66985 | Pan      | Identified the ring of Gerimig {Will+ AC+4} (You found it
                  | in Pandemonium)
 67000 | Pan      | Identified the +0 helmet of Xatzoekhy {*Drain rPois rC+
                  | Dex+6} (You found it in Pandemonium)
 67051 | Pan      | Reached skill level 1 in Stealth
 67158 | Pan      | Found an exit through the horrors of the Abyss.
 67404 | Pan      | Gained mutation: Your magical capacity is low. (-10% MP) [a
                  | neqoxec]
 67414 | Pan      | Noticed Kublif the pandemonium lord
 67425 | Pan      | Killed Kublif the pandemonium lord
 67433 | Pan      | Gained mutation: Armour fits poorly on your strangely
                  | shaped body. [a neqoxec]
 67793 | Pan      | Noticed Muemoeny the pandemonium lord
 67799 | Pan      | Killed Muemoeny the pandemonium lord
 67800 | Pan      | Reached skill level 5 in Stealth
 67814 | Pan      | Identified the ring "Gurgho" {+Inv rF+ rC++ Dex+4 Stlth+}
 67915 | Pan      | Entered the realm of Mnoleg.
 67924 | Pan      | Gained mutation: You are weak. (Str -2) [a cacodemon]
 68034 | Pan      | Gained mutation: You occasionally shout uncontrollably at
                  | your foes. [a neqoxec]
 68170 | Pan      | Gained mutation: Your magical capacity is very low. (-20%
                  | MP) [a neqoxec]
 68244 | Pan      | Lost intelligence.
 68244 | Pan      | Gained mutation: You are dopey. (Int -2) [a neqoxec]
 68247 | Pan      | Gained mutation: You are very dopey. (Int -4) [a neqoxec]
 68326 | Pan      | Gained mutation: Your magical capacity is extremely low.
                  | (-30% MP) [a cacodemon]
 68342 | Pan      | Gained mutation: Your body sometimes deteriorates upon
                  | taking damage. [a neqoxec]
 68385 | Pan      | Lost mutation: You are weak. (Str -2) [a cacodemon]
 68410 | Pan      | Noticed Mnoleg
 68428 | Pan      | Killed Mnoleg
 68463 | Pan      | Got a glowing rune of Zot
 68690 | Pan      | Lost mutation: Armour fits poorly on your strangely shaped
                  | body. [potion of mutation]
 68690 | Pan      | Lost mutation: Your magical capacity is extremely low.
                  | (-30% MP) [potion of mutation]
 68690 | Pan      | Lost mutation: You occasionally shout uncontrollably at
                  | your foes. [potion of mutation]
 68690 | Pan      | Gained mutation: You are resistant to electric shocks.
                  | (rElec) [potion of mutation]
 68691 | Pan      | Lost mutation: Your body sometimes deteriorates upon taking
                  | damage. [potion of mutation]
 68691 | Pan      | Lost mutation: Your magical capacity is very low. (-20% MP)
                  | [potion of mutation]
 68691 | Pan      | Gained mutation: You are agile. (Dex +2) [potion of
                  | mutation]
 68691 | Pan      | Gained mutation: Your system is resistant to poisons.
                  | (rPois) [potion of mutation]
 68692 | Pan      | Lost mutation: You are partially covered in slimy green
                  | scales. (AC +2) [potion of mutation]
 68692 | Pan      | Lost mutation: You are agile. (Dex +2) [potion of mutation]
 68692 | Pan      | Gained mutation: You are occasionally teleported next to
                  | monsters. [potion of mutation]
 68692 | Pan      | Gained mutation: You are partially covered in thin metallic
                  | scales. (AC +2) [potion of mutation]
 68693 | Pan      | Lost mutation: You are very dopey. (Int -4) [potion of
                  | mutation]
 68693 | Pan      | Lost mutation: Your system is resistant to poisons. (rPois)
                  | [potion of mutation]
 68693 | Pan      | Lost mutation: Your magical capacity is low. (-10% MP)
                  | [potion of mutation]
 68693 | Pan      | Lost mutation: You have supernaturally acute eyesight.
                  | (SInv) [potion of mutation]
 68693 | Pan      | Gained mutation: Your movements are slightly less
                  | encumbered by armour. (ER -2) [potion of mutation]
 68693 | Pan      | Gained mutation: You are partially covered in iridescent
                  | scales. (AC +2) [potion of mutation]
 68693 | Pan      | Lost mutation: Your movements are slightly less encumbered
                  | by armour. (ER -2) [potion of mutation]
 68693 | Pan      | Gained mutation: You have sharp fingernails. [potion of
                  | mutation]
 68709 | Pan      | Found an exit through the horrors of the Abyss.
 68838 | Pan      | Noticed Taixtop the pandemonium lord
 68843 | Pan      | Lost intelligence.
 68857 | Pan      | Killed Taixtop the pandemonium lord
 69076 | Pan      | Noticed Veuxen the pandemonium lord
 69080 | Pan      | Reached skill level 10 in Stealth
 69094 | Pan      | Killed Veuxen the pandemonium lord
 69138 | Pan      | Entered the realm of Lom Lobon.
 69158 | Pan      | Reached skill level 10 in Dodging
 69710 | Pan      | Noticed Lom Lobon
 69891 | Pan      | Killed Lom Lobon
 69903 | Pan      | Got a magical rune of Zot
 70230 | Pan      | Found a transporter.
 70317 | Pan      | Found a transporter.
 70322 | Pan      | Got a transparent ivory amulet
 70324 | Pan      | Identified the amulet of the Original Sin {Acrobat +Fly
                  | rPois Will+} (You found it in Pandemonium)
 70336 | Pan      | Identified the ring "Dustruobb" {rC+ Dex+6 SInv} (You found
                  | it in Pandemonium)
 70413 | Pan      | Acquired 848 gold pieces
 70748 | Pan      | Noticed Ocoskom the pandemonium lord
 71227 | Pan      | Reached skill level 27 in Invocations
 71327 | Pan      | Entered the realm of Gloorx Vloq.
 71713 | Pan      | Acquired 468 gold pieces
 71727 | Pan      | Noticed Gloorx Vloq
 71748 | Pan      | Killed Gloorx Vloq
 71928 | Pan      | Reached skill level 10 in Unarmed Combat
 71971 | Pan      | Got a dark rune of Zot
 72352 | Pan      | Found a transporter.
 72384 | Pan      | Reached skill level 15 in Dodging
 72387 | Pan      | Gained mutation: You are weak. (Str -2) [a cacodemon]
 72396 | Pan      | Cast into level 2 of the Abyss (reaper)
 72396 | Abyss:2  | Found a corrupted altar of Lugonu.
 72499 | Pan      | Escaped the Abyss
 72518 | Pan      | Found a transporter.
 72531 | Pan      | Identified the ring "Qeutubug" {Ice rPois Str+6 SInv} (You
                  | found it in Pandemonium)
 72549 | Pan      | Identified the amulet "Zikamu" {RegenMP +Inv rElec Int-5}
                  | (You found it in Pandemonium)
 72590 | Pan      | Identified the amulet of Equilibrium {Inacc +Blink rPois
                  | Stlth-} (You found it in Pandemonium)
 72619 | Pan      | Found an exit through the horrors of the Abyss.
 72840 | Pan      | Entered the realm of Cerebov.
 72880 | Pan      | Found an exit through the horrors of the Abyss.
 73400 | Pan      | Identified Sif Muna's Collected Works on Icy Transformation
 73521 | Pan      | Identified the +1 gold dragon scales "Dahiroew" {rPois rF+
                  | rC+ Int+4} (You found it in Pandemonium)
 73890 | Pan      | Found the +6 sword of Cerebov {flame}
 73890 | Pan      | Identified the ring of Gocegh {*Drain Dex+6 Slay+6}
 73890 | Pan      | Noticed Cerebov
 73911 | Pan      | Killed Cerebov
 73912 | Pan      | Reached skill level 15 in Stealth
 73932 | Pan      | Got a fiery rune of Zot
 73973 | Pan      | Identified the Grimoire of Companions and the Snowflakes
 73993 | Pan      | Identified the Papyrus of Lethal Ice
 73995 | Pan      | Identified the Almanac of Frigorific Displacement
 74157 | Pan      | Found an exit through the horrors of the Abyss.
 74349 | Pan      | Noticed Qonyren the pandemonium lord
 74369 | Pan      | Killed Qonyren the pandemonium lord
 74405 | Pan      | Gained mutation: You are frail. (-10% HP) [a cacodemon]
 74407 | Pan      | Gained mutation: Potions are less effective at restoring
                  | your health. [a cacodemon]
 74439 | Pan      | Got a demonic rune of Zot
 74493 | Pan      | Took an exit into the Abyss.
 74493 | Abyss:1  | Escaped into the Abyss
 74493 | Abyss:1  | Found a corrupted altar of Lugonu.
 74796 | Depths:5 | Escaped the Abyss
 75010 | Crypt:1  | Entered Level 1 of the Crypt
 75180 | Crypt:1  | Noticed Khufu
 75180 | Crypt:1  | Noticed a royal mummy
 75180 | Crypt:1  | Noticed a royal mummy
 75451 | Crypt:3  | Entered Level 3 of the Crypt
 75829 | Crypt:3  | Found a staircase to the Tomb.
 75860 | Crypt:3  | Noticed an ancient lich
 75868 | Crypt:3  | Killed an ancient lich
 76037 | Crypt:3  | Found a basalt altar of Yredelemnul.
 76352 | Tomb:1   | Entered Level 1 of the Tomb of the Ancients
 76543 | Tomb:1   | Noticed a royal mummy
 76546 | Tomb:1   | Noticed a royal mummy
 76552 | Tomb:1   | Noticed a royal mummy
 76555 | Tomb:1   | Killed a royal mummy
 76561 | Tomb:1   | Killed a royal mummy
 76570 | Tomb:1   | Killed a royal mummy
 77112 | Tomb:2   | Noticed a royal mummy
 77115 | Tomb:2   | Noticed a royal mummy
 77126 | Tomb:2   | Noticed a royal mummy
 77126 | Tomb:2   | Killed a royal mummy
 77128 | Tomb:2   | Noticed a royal mummy
 77128 | Tomb:2   | Noticed a royal mummy
 77406 | Tomb:2   | Killed a royal mummy
 77408 | Tomb:2   | Killed a royal mummy
 77442 | Tomb:2   | Killed a royal mummy
 77448 | Tomb:2   | Killed a royal mummy
 77767 | Tomb:3   | Entered Level 3 of the Tomb of the Ancients
 77777 | Tomb:3   | Noticed a royal mummy
 77781 | Tomb:3   | Noticed a royal mummy
 77817 | Tomb:3   | Noticed a royal mummy
 77829 | Tomb:3   | Noticed a royal mummy
 77829 | Tomb:3   | Noticed a royal mummy
 77830 | Tomb:3   | Noticed a royal mummy
 77830 | Tomb:3   | Lost intelligence.
 77832 | Tomb:3   | Noticed a royal mummy
 77833 | Tomb:3   | Got a golden rune of Zot
 77840 | Tomb:3   | Killed a royal mummy
 77842 | Tomb:3   | Lost mutation: You have sharp fingernails. [mutagenic glow]
 77849 | Tomb:3   | Noticed Mara
 77853 | Tomb:3   | Noticed olmar's illusion
 77854 | Tomb:3   | Killed a royal mummy
 77868 | Tomb:3   | Noticed a royal mummy
 77869 | Tomb:3   | Gained mutation: You can translocate small distances at
                  | will. [mutagenic glow]
 77873 | Tomb:3   | Killed a royal mummy
 77883 | Tomb:3   | Gained mutation: You are very dopey. (Int -4) [mutagenic
                  | glow]
 77885 | Tomb:3   | Killed Mara
 77894 | Tomb:3   | Killed a royal mummy
 77895 | Tomb:3   | Gained mutation: Scrolls take you a little longer to read.
                  | [mutagenic glow]
 77904 | Tomb:3   | Gained mutation: You are very weak. (Str -4) [mutagenic
                  | glow]
 77923 | Tomb:3   | Killed a royal mummy
 77925 | Tomb:3   | Killed a royal mummy
 77935 | Tomb:3   | Gained mutation: Your body sometimes deteriorates upon
                  | taking damage. [mutagenic glow]
 77970 | Tomb:3   | Killed a royal mummy
 77974 | Tomb:3   | Killed a royal mummy
 78027 | Tomb:3   | Lost intelligence.
 78310 | Crypt:3  | Lost mutation: You are partially covered in thin metallic
                  | scales. (AC +2) [potion of mutation]
 78310 | Crypt:3  | Lost mutation: You are very weak. (Str -4) [potion of
                  | mutation]
 78310 | Crypt:3  | Lost mutation: Your body sometimes deteriorates upon taking
                  | damage. [potion of mutation]
 78310 | Crypt:3  | Gained mutation: You are strong-willed. (Will+) [potion of
                  | mutation]
 78310 | Crypt:3  | Gained mutation: You possess an exceptional clarity of
                  | mind. [potion of mutation]
 78311 | Crypt:3  | Lost mutation: Scrolls take you a little longer to read.
                  | [potion of mutation]
 78311 | Crypt:3  | Lost mutation: You are frail. (-10% HP) [potion of
                  | mutation]
 78311 | Crypt:3  | Lost mutation: You possess an exceptional clarity of mind.
                  | [potion of mutation]
 78311 | Crypt:3  | Lost mutation: You are resistant to electric shocks.
                  | (rElec) [potion of mutation]
 78311 | Crypt:3  | Lost mutation: You are very dopey. (Int -4) [potion of
                  | mutation]
 78311 | Crypt:3  | Gained mutation: You are frail. (-10% HP) [potion of
                  | mutation]
 78311 | Crypt:3  | Gained mutation: You possess an exceptional clarity of
                  | mind. [potion of mutation]
 78312 | Crypt:3  | Lost mutation: You are weak. (Str -2) [potion of mutation]
 78312 | Crypt:3  | Lost mutation: You are frail. (-10% HP) [potion of
                  | mutation]
 78312 | Crypt:3  | Gained mutation: You are agile. (Dex +2) [potion of
                  | mutation]
 78312 | Crypt:3  | Gained mutation: You are resistant to electric shocks.
                  | (rElec) [potion of mutation]
 78697 | Zot:1    | Entered Level 1 of the Realm of Zot
 78788 | Zot:1    | Noticed an orb of fire
 78798 | Zot:1    | Killed an orb of fire
 79098 | Zot:3    | Noticed an ancient lich
 79104 | Zot:3    | Killed an ancient lich
 79293 | Zot:5    | Entered Level 5 of the Realm of Zot
 79324 | Zot:5    | Noticed an orb of fire
 79336 | Zot:5    | Noticed an ancient lich
 79338 | Zot:5    | Gained mutation: Scrolls take you a little longer to read.
                  | [an orb of fire]
 79339 | Zot:5    | Gained mutation: Armour fits poorly on your strangely
                  | shaped body. [an orb of fire]
 79343 | Zot:5    | Killed an orb of fire
 79349 | Zot:5    | Killed an ancient lich
 79449 | Zot:5    | Noticed an orb of fire
 79452 | Zot:5    | Noticed an orb of fire
 79457 | Zot:5    | Gained mutation: Your magical capacity is low. (-10% MP)
                  | [an orb of fire]
 79470 | Zot:5    | Gained mutation: Your body sometimes deteriorates upon
                  | taking damage. [an orb of fire]
 79475 | Zot:5    | HP: 6/298 [Orb Guardian (44)]
 79475 | Zot:5    | Annihilated by an Orb Guardian

Illustrated notes

Levels and vault maps discovered:
D:1:      giann_horns, layout_basic
D:2:      layout_loops_cross, hangedman_decor_lopped, nrook_loot_triangle,
          minmay_door_square, minmay_misc_feat_alley
D:3:      layout_loops_corners, gammafunk_temple_overflow_forgotten,
          nicolae_gozag_cash_rules_everything_around_me
D:4:      layout_cave_pools, minmay_fractal_squares_gapless_5, uniq_ijyb
D:5:      layout_rooms, gammafunk_ghost_gnarly_gnolls, minmay_manual_mess,
          uniq_grinder, uniq_pikel
D:6:      layout_cave_pools
D:7:      layout_layer_cave, minmay_temple_entry_antechambers,
          hellmonk_ghost_happy_afterlife, grunt_tough_drop
D:8:      layout_rooms
D:9:      layout_roguey, kennysheep_mini, minmay_lair_entry_grove, serial_shops,
          shop
D:10:     minmay_twisted_water, layout_small_grid, uniq_joseph
D:11:     layout_cross, hiddenorc1_lemuel, serial_shops, shop
D:12:     lemuel_troll_bridge, layout_basic, serial_undead, serial_undead_d,
          serial_undead_c, serial_undead_a, serial_undead_f, serial_undead_d,
          serial_undead_a, serial_undead_b, hangedman_decor_points,
          interstate_on_off
D:13:     hourglass_vault, layout_stronghold, skrybe_vaults_entry_preservation,
          nicolae_ashenzari_panopticon
D:14:     minmay_the_grid_triangle_9x9_rhombus_thin
          [minmay_the_grid_triangle_9x9_tough_junction,
          minmay_the_grid_triangle_9x9_prize_top_heavy,
          minmay_the_grid_triangle_9x9_zippers_vertical,
          minmay_the_grid_triangle_9x9_corrupted_corridor], layout_loops_ring,
          hangedman_decor_slide_cut
D:15:     gammafunk_depths_entry_grave, layout_cave_pools, serial_shops,
          shop_statue, chequers_avenue, door_vault
Temple:   dpeg_five_rooms_temple
Lair:1:   layout_gridlike, gammafunk_ghost_grave, basic_altar, minivault_11,
          st_stairs_8, serial_bayou_crossing, lemuel_fruit_tree
Lair:2:   layout_cave_pods, uniq_urug, uniq_nergalle
Lair:3:   layout_chaotic_city, elwin_shoals_entry_rooms,
          portal_ice_cave_demonic_guard, nicolae_quartered_pool_medium
Lair:4:   layout_concentric_octagons, guppyfry_snake_entry_garden,
          gammafunk_ghost_grave, serial_bayou_shore_a
Lair:5:   layout_small_grid, grunt_megastairs_1, serial_bayou_shore_b
Lair:6:   cheibrodos_lair_end_hotspot, layout_loops_ring,
          minmay_slime_entry_oklob_open, serial_bayou, serial_bayou_pond_a,
          serial_bayou_pond_b, serial_bayou_lagoon_b, serial_bayou_ford_a,
          kennysheep_rathole
Shoals:1: layout_shoals, uniq_nikola, uniq_kirke
Shoals:2: layout_shoals, nicolae_shoals_mertower
Shoals:3: layout_shoals, regret_index_shoals_crete
Shoals:4: shoals_end_hangedman, layout_shoals, nicolae_shoals_drake_roost
Snake:1:  layout_onion_interference, gammafunk_ghost_berserking_beasts,
          basic_altar, nicolae_snake_serpentine_hallways,
          nicolae_snake_linked_coils, uniq_jorgrun
Snake:2:  layout_rooms, gammafunk_ghost_cemetery, grunt_megastairs_2
Snake:3:  layout_layer_cave, st_stairs_12, guppyfry_library_mini, uniq_vashnia
Snake:4:  grunt_snake_rune_pools, layout_cave_town, st_stairs_1,
          hangedman_snake_corridor_split, grunt_megastairs_5, uniq_aizul,
          uniq_asterion
Slime:1:  layout_caves
Slime:2:  layout_caves, cheibrodos_slime_lost_civilization_5
Slime:3:  layout_caves
Slime:4:  layout_caves, nicolae_slime_welcoming_committee
Slime:5:  uniq_dissolution
Orc:1:    layout_caves, uniq_erica
Orc:2:    pf_orc_diabolical, layout_caves, basic_altar, serial_shops,
          nicolae_shop_waterfront, elf_legates, uniq_azrael
Elf:1:    minmay_elf_arrival_summoners, layout_loops_cross, serial_shops,
          nicolae_shop_window_shopping, minmay_elf_necromancy, uniq_agnes,
          uniq_roxanne
Elf:2:    layout_gridlike, minmay_strange_pillars, uniq_louise
Elf:3:    grunt_elf_hall_spiral, layout_loops_corners, basic_altar
Vaults:1: hangedman_vaults_snaps, hangedman_vaults_trim, vaults_dpeg_hooks,
          vaults_dpeg_spiral, v_rooms_1, st_cross, v_misc_19, v_pattern_3,
          ontoclasm_vaults_decontamination, v_alt_pattern_5, v_misc_27,
          vaults_dpeg_ring, layout_vaults_big_room
Vaults:2: minmay_crypt_entry_necro_gods, v_misc_29, v_misc_1,
          hangedman_vaults_stretched_pinwheel, v_misc_26,
          nicolae_vaults_meeting, nicolae_vaults_three_branches, v_pattern_4,
          v_misc_25, vaults_room_grid, vaults_mumra_minichess_inversion,
          layout_vaults_ring, basic_altar
Vaults:3: st_greater_box_3, nicolae_vaults_inception_corners,
          nicolae_vaults_what_the_h, v_misc_33, ontoclasm_vaults_hangar,
          ontoclasm_vaults_chip, ontoclasm_vaults_ring_small,
          nicolae_vaults_windows_and_doors_thing, v_misc_29,
          vaults_dpeg_diagonal, nicolae_vaults_shelves_hall,
          layout_vaults_omnicross
Vaults:4: grunt_vaults_hallway_long, v_misc_1, vaults_room_boxed,
          ontoclasm_vaults_gateway, nicolae_vaults_triangles,
          nicolae_vaults_alarming, nicolae_vaults_little_squares_1, v_rooms_4,
          gammafunk_sealed_arena, vaults_dpeg_encased_lava,
          ontoclasm_vaults_idyll, vaults_mumra_minichess, vaults_room_pools,
          vaults_room_door_ring, layout_vaults_maze_snakey,
          portal_desolation_entry_holy_temple, nicolae_trove_entry_path_of_doom,
          uniq_margery, uniq_bai_suzhen, uniq_boris
Vaults:5
Crypt:1:  layout_gridlike, grunt_crypt_arrival_split, uniq_khufu
Crypt:2:  layout_misc_corridors, tombwall_bobbens
Crypt:3:  cryptofortress_bobbens
Tomb:1
Tomb:2
Tomb:3:   uniq_mara
Depths:1: layout_cave_pools, grunt_pan_entry_spiral, hell_entry,
          kennysheep_cluttered_room, minmay_liquid_box, grunt_ministairs_15,
          lemuel_statue_altar, firewood_loft
Depths:2: kennysheep_room_grid, layout_gridlike, grunt_hell_horde, serial_shops,
          shop, nicolae_lava_and_water, rand_demon_pan_entry_5,
          kennysheep_generic_room_6, minmay_shop_grove
Depths:3: thingy_vault_2, layout_gridlike, serial_shops, shop_fountains,
          nicolae_shop_temple_entry_statues_fountains, nicolae_shop_trees,
          shop_fountains, nicolae_shop_temple_entry_statues_fountains,
          rand_demon_pan_entry_1, hangedman_coc_ice_floe, uniq_mennas
Depths:4: regret_index_uskayaw_diablada_macabre, layout_gridlike,
          enter_ziggurat_d, serial_shops, shop, nicolae_shop_window_shopping,
          shop, grunt_hell_entry_dis_grunt, hangedman_decor_clover_reticule,
          minmay_room_of_horrors, infiniplex_staircase_zigzag_2,
          uniq_enchantress, uniq_jory
Depths:5: grunt_zot_entry_alcove, layout_gridlike,
          gammafunk_ghost_berserking_beasts, grunt_pan_entry_zigzag,
          nrook_uturn, hell_entry, amcnicky_altar_lugonu_corruption,
          serial_bayou_shore_b
Hell
Dis:1:    layout_gridville
Dis:2:    layout_gridville
Dis:3:    layout_gridville
Dis:4:    layout_chaotic_city
Dis:5:    layout_jigsaw, evilmike_ambush [evilmike_ambush_outer_corners,
          evilmike_ambush_inner_basic]
Dis:6:    layout_chaotic_city, hangedman_dis_decor_blocks_crown
Dis:7:    iron_city_of_dis [dis_grunt, dis_wall_7], layout_chaotic_city,
          not_door_vault_due
Geh:1:    layout_gehenna_lava_caves
Geh:2:    layout_gehenna_pools_box
Geh:3:    layout_gehenna_pools_basic, hangedman_generic_boss_arena
Geh:4:    layout_gehenna_lava_caves
Geh:5:    layout_gehenna_pools_basic
Geh:6:    layout_gehenna_lava_caves
Geh:7:    geh_grunt_pentagon
Coc:1:    layout_ice_bergs
Coc:2:    layout_ice_bergs
Coc:3:    layout_ice_bergs
Coc:4:    layout_ice_bergs
Coc:5:    layout_cocytus_water_paths
Coc:6:    layout_ice_bergs
Coc:7:    coc_mu
Tar:1:    layout_grid_maze
Tar:2:    layout_grid_maze
Tar:3:    layout_grid_maze
Tar:4:    layout_honeycomb
Tar:5:    layout_catacombs
Tar:6:    layout_catacombs
Tar:7:    tar_minmay_river
Zot:1:    layout_onion_interference, grunt_megastairs_4
Zot:2:    layout_misc_corridors, grunt_megastairs_3
Zot:3:    layout_cathedral_of_symmetry, grunt_ministairs_13,
          hangedman_snap_crack_crunch
Zot:4:    layout_misc_corridors
Zot:5:    layout_cathedral_of_symmetry, nrook_zot_tub

Skill      XL: |  1  2  3  4  5  6  7  8  9 10 11 12 13 14 15 16 17 18 19 20 21 22 23 24 25 26 27 |
---------------+----------------------------------------------------------------------------------+-----
Shields        | 4 5 6 7 8 10 11 12 13 15 16 17 19 20 21 22 23 24 25 26 27 | 27.0
Axes           | 3 4 6 7 9 11 12 13 15 16 17 18 19 20 21 22 23 24 25 26 27 | 27.0
Armour         | 4 5 6 7 8 10 11 12 13 14 15 17 18 19 20 27 | 27.0
Fighting       | 3 4 5 6 7 9 10 12 13 14 15 16 17 18 19 20 21 22 27 | 27.0
Invocations    | 2 3 4 5 27 | 27.0
Earth Magic    | 1 |  1.8
Transmutations | 1 |  1.1
Slings         | 1 |  1.2
Conjurations   | 1 |  1.0
Translocations | 1 |  1.0
Poison Magic   | 1 |  1.0
Long Blades    | 1 |  1.0
Unarmed Combat | 11 | 11.3
Spellcasting   | 1 |  1.0
Hexes          | 1 |  1.0
Fire Magic     | 1 |  1.0
Ice Magic      | 1 |  1.1
Polearms       | 1 |  1.0
Crossbows      | 1 |  1.0
Necromancy     | 1 |  1.0
Air Magic      | 1 |  1.0
Evocations     | 27 | 27.0
Dodging        | 25 | 25.2
Stealth        | 25 | 25.6
Short Blades   | |  0.8
Maces & Flails | |  0.9
Staves         | |  0.7
Bows           | |  0.6
Throwing       | |  0.8
Summonings     | |  0.7

Action                   |  1- 3 |  4- 6 |  7- 9 | 10-12 | 13-15 | 16-18 | 19-21 | 22-24 | 25-27 || total
-------------------------+-------+-------+-------+-------+-------+-------+-------+-------+-------++-------
Melee: War axe           |   141 |   165 |   309 |   619 |  1407 |  1946 |   256 |    13 |       ||  4856
       Hand axe          |       |       |       |       |       |    19 |   557 |       |       ||   576
       Broad axe         |       |       |       |       |       |       |   712 |  1503 |  7593 ||  9808
       Unarmed           |       |       |       |       |       |       |       |       |    38 ||    38
Invok: Lesser Servant of |       |       |       |     1 |       |    17 |     3 |     2 |     6 ||    29
       Minor Destruction |       |       |       |       |     6 |     7 |       |       |     1 ||    14
       Greater Servant o |       |       |       |       |       |       |       |     1 |     9 ||    10
       Major Destruction |       |       |       |       |       |       |       |       |     5 ||     5
 Abil: Heal Wounds       |       |     2 |     6 |    26 |       |     3 |     1 |       |    26 ||    64
       Blink             |       |       |       |       |       |       |       |       |     1 ||     1
Evoke: Wand              |       |       |    34 |    14 |    17 |    10 |     5 |       |    73 ||   153
       Phial of floods   |       |       |       |       |     1 |     1 |       |       |     1 ||     3
       Condenser vane    |       |       |       |       |       |       |       |     1 |    14 ||    15
       Lightning rod     |       |       |       |       |       |       |       |       |     4 ||     4
       Tin of tremorston |       |       |       |       |       |       |       |       |     3 ||     3
       Box of beasts     |       |       |       |       |       |       |       |       |     3 ||     3
       Phantom mirror    |       |       |       |       |       |       |       |       |     4 ||     4
       Horn of Geryon    |       |       |       |       |       |       |       |       |     3 ||     3
  Use: Scroll            |     2 |     5 |     1 |    10 |    10 |     4 |    10 |     9 |    49 ||   100
       Potion            |       |     1 |       |     9 |     1 |     5 |     1 |     4 |    46 ||    67
 Stab: Distracted        |       |       |       |     2 |       |    14 |     1 |     2 |    21 ||    40
       Invisible         |       |       |       |       |       |       |       |     6 |     1 ||     7
       Sleeping          |       |       |       |       |       |       |       |       |     6 ||     6
       Paralysed         |       |       |       |       |       |       |       |       |     1 ||     1
Armor: Scale mail        |    73 |    56 |       |       |       |       |       |       |       ||   129
       Chain mail        |       |    51 |   161 |   145 |     6 |   560 |   483 |   587 |    88 ||  2081
       Ice dragon scales |       |       |       |    62 |   604 |    38 |       |       |       ||   704
       Crystal plate arm |       |       |       |       |       |       |       |       |  2131 ||  2131
       Skin              |       |       |       |       |       |       |       |       |    27 ||    27
Dodge: Dodged            |    47 |    46 |    63 |   124 |   308 |   373 |   252 |   298 |  1723 ||  3234
       Repelled          |       |       |       |       |       |    50 |    11 |       |       ||    61
Block: Kite shield       |    82 |    87 |   150 |   305 |   864 |  1298 |  1059 |  1309 |   495 ||  5649
       Tower shield      |       |       |       |       |       |       |       |       |  7435 ||  7435
